 Dungeon Crawl Stone Soup version 0.26-a0-708-g17f3b190f9 (webtiles) character file.

Game seed: 11981098099499283459

343 vt the Cleaver (level 6, -6/51 HPs)
             Began as a Hill Orc Delver on Oct 27, 2020.
             Was a Follower of Makhleb.
             Mangled by a gnoll sergeant
             ... wielding a +2 vorpal trident
              (8 damage)
             ... on level 5 of the Dungeon.
             The game lasted 00:11:10 (1188 turns).

vt the Cleaver (Hill Orc Delver)                    Turns: 1188, Time: 00:11:10

Health: -6/51      AC:  6    Str: 17    XL:     6   Next: 57%
Magic:  6/6        EV: 11    Int: 10    God:    Makhleb [*.....]
Gold:   71         SH:  0    Dex: 12    Spells: 5/5 levels left

rFire    . . .     SeeInvis .   l - +0 war axe
rCold    . . .     Faith    .   (no shield)
rNeg     . . .     Spirit   .   h - +0 ring mail
rPois    .         Reflect  .   m - +1 hat
rElec    .         Harm     .   (no cloak)
rCorr    .         Rampage  .   (no gloves)
MR       .....                  (no boots)
Stlth    ++........             (no amulet)
HPRegen  0.17/turn              (no ring)
MPRegen  0.10/turn              (no ring)

@: lethally poisoned (-6 -> -14)
A: no striking features
a: Renounce Religion


You were on level 5 of the Dungeon.
You worshipped Makhleb.
Makhleb was aware of your devotion.
You visited 2 branches of the dungeon, and saw 4 of its levels.
You also visited: Sewer.

You collected 71 gold pieces.

Inventory:

Hand Weapons
 a - a +0 hand axe
 f - a +0 dagger
   (You found it on level 5 of the Dungeon)
 l - a +0 war axe (weapon)
   (You found it on level 4 of the Dungeon)
Missiles
 j - 75 stones (quivered)
 k - 4 boomerangs
 n - 21 sling bullets
Armour
 b - a +0 leather armour
 h - a +0 ring mail (worn)
   (You took it off an orc on level 5 of the Dungeon)
 m - a +1 hat (worn)
   (You found it on level 4 of the Dungeon)
Wands
 g - a wand of digging (3)
 i - a wand of flame (13)
   (You took it off Ijyb on level 5 of the Dungeon)
Scrolls
 c - a scroll of fog
Potions
 d - a potion of flight


   Skills:
 - Level 3.6 Fighting
 + Level 9.0 Axes
 - Level 1.5 Dodging
 - Level 4.1 Stealth


You had 5 spell levels left.
You didn't know any spells.
Your spell library was empty.

Dungeon Overview and Level Annotations

Branches:
Dungeon (5/15)             Temple (1/1) D:4           Sewer (visited)

Altars:
Elyvilon
Gozag
Makhleb
Okawaru
Qazlal
Ru
Sif Muna
Uskayaw
Wu Jian
Xom
Zin

Annotations:
D:5 Edmund


Message History

Aim: a gnoll, wielding a +0 flail You throw a stone.
The stone hits the gnoll.
The gnoll is lightly wounded.
Throwing (i - inventory. (/) - cycle)
j - 77 stones (quivered)
Press: ? - help, Shift-Dir - straight line, f/p - gnoll
Aim: a gnoll, wielding a +0 flail (lightly wounded)
You throw a stone.
The stone hits the gnoll but does no damage.
The gnoll is lightly wounded.
A gnoll sergeant comes into view. It is wielding a +2 vorpal trident.
A gnoll comes into view. It is wielding a +0 flail.
Press: ? - help, v - describe, . - travel
Here: a gnoll sergeant, wielding a +2 vorpal trident and wearing a +0 ring mail The floor.
Throwing (i - inventory. (/) - cycle)
j - 76 stones (quivered)
Press: ? - help, Shift-Dir - straight line, f/p - gnoll
Aim: a gnoll, wielding a +0 flail (lightly wounded)
You throw a stone. The stone hits the gnoll.
The gnoll is moderately wounded.
You hit the gnoll.
The gnoll is severely wounded.
The gnoll hits you but does no damage.
You hit the gnoll but do no damage.
The gnoll is severely wounded.
The gnoll hits you with a +0 flail!
You hit the gnoll.
You kill the gnoll!
Makhleb accepts your kill.
Your Axes skill increases to level 9!
Evoke which item? (* to show all) (? for menu, Esc to quit)
Aiming: Throw Flame
Press: ? - help, Shift-Dir - straight line, f - gnoll sergeant
Aim: a gnoll sergeant, wielding a +2 vorpal trident and wearing a +0 ring mail The puff of flame hits the gnoll sergeant.
The gnoll sergeant is lightly wounded.
The gnoll sergeant hits you from afar with a +2 vorpal trident!
* * * LOW HITPOINT WARNING * * *
x2 Evoke which item? (* to show all) (? for menu, Esc to quit)
Aiming: Throw Flame
Press: ? - help, Shift-Dir - straight line, f/p - gnoll sergeant
Aim: a gnoll sergeant, wielding a +2 vorpal trident and wearing a +0 ring mail (lightly wounded)
The puff of flame misses the gnoll sergeant.
The puff of flame hits the gnoll.
The gnoll is lightly wounded.
The gnoll sergeant barely misses you.
Evoke which item? (* to show all) (? for menu, Esc to quit)
Aiming: Throw Flame
Press: ? - help, Shift-Dir - straight line, f/p - gnoll sergeant
Aim: a gnoll sergeant, wielding a +2 vorpal trident and wearing a +0 ring mail (lightly wounded)
The puff of flame hits the gnoll sergeant!
The gnoll sergeant is moderately wounded.
As you read the scroll of fear, it crumbles to dust.
You assume a fearsome visage.
The gnoll sergeant looks frightened!
The gnoll looks frightened!
An adder comes into view.
An orc comes into view. It is wielding a +0 mace.
You hit the adder but do no damage. The adder bites you but does no damage.
You hit the adder.
The adder is heavily wounded.
The adder closely misses you.
You closely miss the adder.
The adder is heavily wounded.
The adder closely misses you.
You completely miss the adder.
The adder is heavily wounded.
The adder bites you but does no damage.
Okay, then.
As you read the scroll labeled HORAMEPRAC, it crumbles to dust.
It is a scroll of identify.
f - a +0 dagger The adder bites you.
* * * LOW HITPOINT WARNING * * *
The gnoll sergeant barely misses you. The adder bites you.
* * * LOW HITPOINT WARNING * * *
You are poisoned.
The adder poisons you!
You feel sick.
You feel sick. The adder barely misses you. The gnoll sergeant misses you.
A gnoll comes into view. It is wielding a +0 spear.
The gnoll shouts!
You hit the adder.
The adder is heavily wounded.
The adder bites you.
* * * LOW HITPOINT WARNING * * *
You are more poisoned.
The adder poisons you! The adder bites you but does no damage.
Okay, then.
Okay, then.
l - a +0 war axe (weapon)
You feel sick.
The gnoll sergeant hits you from afar with a +2 vorpal trident.
* * * LOW HITPOINT WARNING * * *
x2 You hit the adder.
The adder is severely wounded.
* * * LOW HITPOINT WARNING * * *
You feel sick. The adder bites you.
* * * LOW HITPOINT WARNING * * *
The gnoll sergeant hits you from afar with a +2 vorpal trident!
You die...

.........░░░░░░░░░░......░..░
...........)(.g..((....>.░..░
.........░░░░░░░░░░.░.......░
.░░░.░░░.░ ░............░░░
..... ░.░ ░.$.g....░.░░.....
.... ░.░ ░........░.░░.░░.░░░
...░ ░.░ ░...g....░.░░.░░ ..░
░.░ ░.░ ░...S....░.....░░░.░
░░.░░░ ░.░ ░..@░░░░░░░░░.......
..)..░ ░.░ ░...░ ░..░░░.░ ░░.░.░
░.░░░░░...░ ░░░ ░..░.... ░.░.░
░.....░░░░░ ░.░ ░....... ░.░.░
░.....░ ░░░.░ ░.░...░░ ░.░.░
░.....░ ░...░░░░.░...░░
░.░.░░░.....░░░░░░........'...░░
..░................░.░░░░.░...░░
░░░......░░░.....░.░.░ ░.░...░░


You could see a gnoll sergeant, a gnoll and an adder.

Vanquished Creatures
  A big kobold (Sewer)
  A scorpion (D:5)
  A hound (D:4)
  An orc priest (Temple)
  2 worker ants
  Ijyb (D:5)
  A hound zombie (D:5)
  A gnoll (D:5)
  An adder (D:4)
  2 river rats (Sewer)
  A shadow imp (D:5)
  2 leopard geckos (D:4)
  7 orcs
  6 giant cockroaches
  A jackal (Sewer)
  4 kobolds (Sewer)
  A quokka (D:5)
  3 rats
37 creatures vanquished.

Vanquished Creatures (others)
  A giant cockroach (D:3)
1 creature vanquished.

Grand Total: 38 creatures vanquished

Notes
Turn   | Place    | Note
-------+----------+-------------------------------------------
     0 | D:5      | vt the Hill Orc Delver began the quest for the Orb.
     0 | D:5      | Reached XP level 1. HP: 19/19 MP: 1/1
    39 | D:5      | Reached skill level 3 in Axes
    93 | D:4      | Found a burning altar of Makhleb.
    93 | D:4      | Noticed an Executioner
    96 | D:4      | Noticed a hellwing
    96 | D:4      | Noticed a smoke demon
    98 | D:4      | Became a worshipper of Makhleb the Destroyer
   138 | D:4      | Reached XP level 2. HP: 25/26 MP: 2/2
   145 | D:4      | Found a glowing drain.
   160 | Sewer    | Entered a sewer
   164 | Sewer    | Reached skill level 4 in Axes
   194 | Sewer    | HP: 3/26 [river rat (6)]
   198 | Sewer    | Reached XP level 3. HP: 3/31 MP: 3/3
   324 | Sewer    | Noticed a big kobold
   335 | Sewer    | Reached skill level 5 in Axes
   338 | Sewer    | HP: 5/31 [big kobold (5)]
   343 | Sewer    | HP: 3/31 [big kobold (2)]
   349 | Sewer    | HP: 1/31 [big kobold (1)]
   350 | Sewer    | Killed a big kobold
   350 | Sewer    | Reached skill level 6 in Axes
   350 | Sewer    | Reached XP level 4. HP: 1/39 MP: 4/4
   425 | Sewer    | Found a white marble altar of Elyvilon.
   507 | D:4      | Found a staircase to the Ecumenical Temple.
   513 | Temple   | Entered the Ecumenical Temple
   597 | Temple   | Reached XP level 5. HP: 31/45 MP: 5/5
   634 | Temple   | Reached skill level 7 in Axes
   687 | D:4      | Reached * piety under Makhleb
   695 | D:4      | HP: 11/45 [worker ant (2)]
   696 | D:4      | HP: 4/45 [worker ant (6)]
   856 | D:5      | Reached skill level 8 in Axes
   856 | D:5      | Reached XP level 6. HP: 33/51 MP: 6/6
  1001 | D:5      | Found a glowing silver altar of Zin.
  1001 | D:5      | Found an opulent altar of Gozag.
  1046 | D:5      | Found the +9 heavy crossbow "Sniper" {vorpal, Acc+∞ SInv}
  1052 | D:5      | Noticed Ijyb
  1070 | D:5      | Killed Ijyb
  1089 | D:5      | Noticed Edmund
  1131 | D:5      | Reached skill level 9 in Axes
  1187 | D:5      | HP: 7/51 [gnoll sergeant/+2 vorpal trident (6)]
  1188 | D:5      | HP: 2/51 [adder (4)]
  1188 | D:5      | Mangled by a gnoll sergeant

Illustrated notes

Levels and vault maps discovered:
D:3:      layout_loops_ring, lemuel_crystal_altar, fiery_altar_vehumet,
          hellmonk_ghost_happy_afterlife
D:4:      layout_basic, minmay_temple_entry_trees, gup_sewer_entry_pipe,
          makhleb_altar_promises_db
D:5:      layout_basic, grunt_temple_overflow_gold_and_silver, uniq_edmund,
          uniq_ijyb
Temple:   nicolae_temple_figure_zero

Skill      XL: |  1  2  3  4  5  6 |
---------------+-------------------+-----
Axes           | 3 4 6 8 9 |  9.0
Fighting       | |  3.6
Dodging        | |  1.5
Stealth        | |  4.1

Action                   |  1- 3 |  4- 6 || total
-------------------------+-------+-------++-------
Melee: Hand axe          |    83 |    71 ||   154
       War axe           |       |    41 ||    41
Throw: Stone             |     6 |     5 ||    11
Evoke: Wand              |       |     3 ||     3
  Use: Scroll            |     1 |     3 ||     4
       Potion            |     1 |     3 ||     4
 Stab: Sleeping          |     1 |     3 ||     4
Armor: Ring mail         |    18 |    33 ||    51
Dodge: Dodged            |    35 |    59 ||    94

Table legend: (Time is in decaauts)
 A = Elapsed time spent in this place.
 B = Non-inter-level travel time spent in this place.
 C = Inter-level travel time spent in this place.
 D = Time resting spent in this place.
 E = Time spent auto-exploring this place.
 F = Levels seen in this place.
 G = Mean time per level.
                   A        B        C        D        E       F      G
               +--------+--------+--------+--------+--------+-----+--------+
         Total |   1310 |   1279 |     31 |      0 |      0 |   5 |  262.0 |
       Dungeon |    749 |    718 |     31 |      0 |      0 |   3 |  249.7 |
        Temple |    184 |    184 |      0 |      0 |      0 |   1 |  184.0 |
         Sewer |    377 |    377 |      0 |      0 |      0 |   1 |  377.0 |
               +--------+--------+--------+--------+--------+-----+--------+

Top non-repeatable levels by time:
     D:5: 409 daAuts
   Sewer: 377 daAuts
     D:4: 311 daAuts
  Temple: 184 daAuts
     D:3: 28 daAuts

Table legend:
 A = Kills in this place as a percentage of kills in entire the game.
 B = Kills by you in this place as a percentage of kills by you in the entire game.
 C = Kills by friends in this place as a percentage of kills by friends in the entire game.
 D = Other kills in this place as a percentage of other kills in the entire game.
 E = Experience gained in this place as a percentage of experience gained in the entire game.
 F = Experience gained in this place divided by the number of levels of this place that you have seen.
                   A       B       C       D       E      F
               +-------+-------+-------+-------+-------+----------------------
         Total | 100.0 | 100.0 |   N/A |   N/A | 100.0 |  98.0
       Dungeon |  59.5 |  59.5 |   N/A |   N/A |  62.0 | 101.3
        Temple |  13.5 |  13.5 |   N/A |   N/A |  10.6 |  52.0
         Sewer |  27.0 |  27.0 |   N/A |   N/A |  27.3 | 134.0
               +-------+-------+-------+-------+-------+----------------------
